 Dungeon Crawl Stone Soup version 0.29-a0-322-g68df515428 (webtiles) character file.

Game seed: 17038164165760060570

11000 jisko22 the Severer (level 11, -2/151 HPs)
             Began as a Hill Orc Berserker on Apr 9, 2022.
             Was an Elder of Trog.
             Slain by a cyclops (21 damage)
             ... on level 9 of the Dungeon.
             The game lasted 00:16:13 (14871 turns).

jisko22 the Severer (Hill Orc Berserker)           Turns: 14871, Time: 00:16:13

Health: -2/151     AC: 16    Str: 25    XL:     11   Next: 70%
Magic:  11/11      EV: 13    Int:  7    God:    Trog [****..]
Gold:   199        SH:  0    Dex: 10    Spells: 10/10 levels left

rFire   . . .      SeeInvis +   P - +2 battleaxe
rCold   . . .      Faith    .   (shield currently unavailable)
rNeg    . . .      Spirit   .   H - +0 acid dragon scales
rPois   .          Reflect  .   (no helmet)
rElec   .          Harm     .   r - +1 cloak
rCorr   +          Rampage  .   (no gloves)
Will    .....                   D - +0 pair of boots
Stlth   ..........              (no amulet)
HPRegen 0.35/turn               i - +4 ring of protection
MPRegen 0.12/turn               t - ring of see invisible

@: berserking (expiring), very quick
A: no striking features
a: Renounce Religion, Berserk, Trog's Hand, Brothers in Arms


You were on level 9 of the Dungeon.
You worshipped Trog.
Trog was greatly pleased with you.
You visited 1 branch of the dungeon, and saw 9 of its levels.

You collected 485 gold pieces.
You spent 286 gold pieces at shops.

Inventory:

Hand Weapons
 a - a +0 hand axe
 w - a +2 war axe of venom
 P - a +2 battleaxe (weapon)
Missiles
 c - 298 stones (quivered)
Armour
 b - a +0 animal skin
 h - a +0 chain mail
 r - a +1 cloak (worn)
 s - a +0 plate armour
 C - a scarf of invisibility
 D - a +0 pair of boots (worn)
 H - +0 acid dragon scales (worn)
 K - +0 steam dragon scales
Jewellery
 i - a +4 ring of protection (left hand)
 m - an amulet of faith
 t - a ring of see invisible (right hand)
 z - a ring of ice
 F - an amulet of guardian spirit
 N - an amulet of guardian spirit
Wands
 A - a wand of paralysis (8)
 E - a wand of flame (55)
Scrolls
 f - 5 scrolls of teleportation
 l - 2 scrolls of immolation
 y - 2 scrolls of fog
 B - a scroll of vulnerability {unknown}
 G - a scroll of silence
 I - 2 scrolls of magic mapping
 L - a scroll of blinking {unknown}
 M - a scroll of identify
Potions
 d - 2 potions of brilliance {unknown}
 e - 3 potions of curing
 g - 4 potions of cancellation
 j - a potion of degeneration {unknown}
 k - a potion of haste
 n - 2 potions of invisibility {unknown}
 o - 2 potions of heal wounds
 p - a potion of flight {unknown}
 q - a potion of lignification {unknown}
 u - a potion of resistance
 x - a potion of ambrosia {unknown}
 J - 3 potions of attraction {unknown}
 O - a potion of magic {unknown}


   Skills:
 + Level 10.5 Fighting
 * Level 15.3 Axes
 + Level 9.2 Armour
 + Level 7.0 Dodging


You had 10 spell levels left.
You didn't know any spells.
Your spell library was empty.

Dungeon Overview and Level Annotations

Branches:
Dungeon (9/15)             Temple (0/1) D:5
   Lair: D:8-11         Orc: D:9-12

Altars:

Shops:
D:3 ?

Annotations:
D:3 2 transporters, HC7's ghost, amateur DrAE


Message History

The ten-headed hydra is almost dead.
You hit the two-headed ogre.
Unknown command.
You lop one of the ten-headed hydra's heads off!
The nine-headed hydra grows two more!
You slice the 11-headed hydra!!
The 11-headed hydra is almost dead.
You slash the two-headed ogre! The 11-headed hydra bites you!
The 11-headed hydra bites you but does no damage. x3
The 11-headed hydra bites you! The 11-headed hydra bites you.
The 11-headed hydra barely misses you. The 11-headed hydra misses you. x2
The 11-headed hydra barely misses you. The 11-headed hydra bites you!
The two-headed ogre hits you with a +0 giant spiked club!!
* * * LOW HITPOINT WARNING * * *
The two-headed ogre hits you with a +0 giant club.
* * * LOW HITPOINT WARNING * * *
You chop one of the 11-headed hydra's heads off!
The ten-headed hydra grows two more!
You slice the 12-headed hydra!!
You kill the 12-headed hydra!
Trog accepts your kill.
You hit the two-headed ogre.
Your Axes skill increases to level 15!
Unknown command.
You slice the two-headed ogre!!
You kill the two-headed ogre!
Trog accepts your kill.
Your Dodging skill increases to level 7!
You slash the cyclops!
The cyclops is moderately wounded.
You slice the shadow!!
You hear an angry hiss.
You slice the cyclops!!
The cyclops is severely wounded.
You slash the shadow!
You feel the power of Trog in you as your rage grows.
You destroy the shadow!
Trog accepts your kill.
You slash the cyclops!
The cyclops is almost dead.
The cyclops hits you!!
You die...

. #.<##.......# #.)
#.#...#.......#
###e
.#.............#
#$lu
...............(#
#$$$
.......##........+
..'c$$ ....##.
#........# ##.#$$$
.... #. #........#
...#$$$ ... ..
#>.###.#.# #+###
#+# ###+ ..)..##
###@# #...#
..##.####.C)###...#
.. ##.#......').Q#
. ..?.......#))##
..........#....!
#.........###'###
........[.# 8.
..$....[[)# 8.
..........'8.8.8'


You could see a cyclops.

Vanquished Creatures
  A hydra (D:9)
  A centaur warrior (D:9)
  2 two-headed ogres (D:9)
  A deep elf pyromancer (D:9)
  3 manticores (D:9)
  3 ugly things (D:9)
  Psyche (D:8)
  A tengu conjurer (D:9)
  Grinder (D:3)
  A slime creature (D:9)
  A centaur simulacrum (D:9)
  2 shadows
  A yak (D:9)
  3 wyverns (D:9)
  A steam dragon (D:8)
  An acid dragon (D:7)
  A water moccasin (D:5)
  7 orc warriors
  2 black bears
  An ice beast (D:7)
  2 ogres (D:5)
  4 centaurs
  A phantom (D:5)
  4 kobold brigands
  3 bullfrogs
  A necrophage (D:7)
  2 wights (D:9)
  12 killer bees (D:8)
  2 howler monkeys
  2 jellies
  5 orc priests
  Crazy Yiuf (D:3)
  7 hounds
  5 iguanas
  9 orc wizards
  4 gnolls
  4 adders
  A white imp (D:7)
  31 orcs
  7 bats
  7 endoplasms
  9 goblins
  6 hobgoblins
  3 quokkas
  7 ball pythons
  7 frilled lizards (D:1)
  23 kobolds
  3 rats
207 creatures vanquished.

Vanquished Creatures (others)
  2 plants (D:5)
2 creatures vanquished.

Grand Total: 209 creatures vanquished

Notes
Turn   | Place    | Note
-------+----------+-------------------------------------------
     0 | D:1      | jisko22 the Hill Orc Berserker began the quest for the Orb.
     0 | D:1      | Reached XP level 1. HP: 19/19 MP: 1/1
   334 | D:1      | Reached XP level 2. HP: 9/27 MP: 2/2
  1540 | D:1      | Reached XP level 3. HP: 24/33 MP: 3/3
  2884 | D:2      | Found a faded altar of an unknown god.
  2910 | D:2      | Reached ** piety under Trog
  3689 | D:3      | Reached skill level 5 in Axes
  3689 | D:3      | Reached XP level 4. HP: 38/40 MP: 4/4
  3823 | D:3      | Found Rewemp's Magic Scroll Shop.
  3854 | D:3      | Bought a scroll of identify for 22 gold pieces
  3854 | D:3      | Bought a scroll of identify for 22 gold pieces
  3854 | D:3      | Bought a scroll of identify for 22 gold pieces
  3887 | D:3      | Found a transporter.
  3889 | D:3      | Noticed HC7's ghost (amateur DrAE)
  3893 | D:3      | Found a transporter.
  3909 | D:3      | Noticed Grinder
  3931 | D:3      | Killed Grinder
  3932 | D:3      | Reached skill level 6 in Axes
  3932 | D:3      | Reached XP level 5. HP: 47/47 MP: 5/5
  3932 | D:3      | Reached XP level 6. HP: 55/55 MP: 6/6
  4550 | D:3      | Found a runed translucent door.
  4551 | D:3      | Noticed Crazy Yiuf
  4675 | D:3      | Paralysed by Crazy Yiuf for 3 turns
  4680 | D:3      | Killed Crazy Yiuf
  4681 | D:3      | Reached skill level 5 in Fighting
  5995 | D:5      | Entered Level 5 of the Dungeon
  5999 | D:5      | Noticed a water moccasin
  6000 | D:5      | Reached skill level 7 in Axes
  6000 | D:5      | Reached XP level 7. HP: 33/61 MP: 7/7
  6613 | D:5      | Found a staircase to the Ecumenical Temple.
  6983 | D:5      | Reached skill level 8 in Axes
  7509 | D:5      | Reached XP level 8. HP: 70/70 MP: 8/8
  7607 | D:5      | Reached skill level 5 in Armour
  8504 | D:6      | Reached skill level 9 in Axes
  9502 | D:7      | Reached skill level 10 in Axes
  9502 | D:7      | Reached XP level 9. HP: 67/79 MP: 9/9
 10067 | D:7      | Reached *** piety under Trog
 11514 | D:3      | Bought a scroll of brand weapon for 220 gold pieces
 11717 | D:8      | Reached skill level 11 in Axes
 11913 | D:8      | Reached skill level 5 in Dodging
 12407 | D:8      | Reached skill level 12 in Axes
 12407 | D:8      | Reached XP level 10. HP: 35/88 MP: 10/10
 12837 | D:8      | Noticed Psyche
 12845 | D:8      | Killed Psyche
 13016 | D:8      | Reached **** piety under Trog
 13220 | D:9      | Noticed a manticore
 13240 | D:9      | Killed a manticore
 14016 | D:9      | Noticed a manticore
 14030 | D:9      | Killed a manticore
 14031 | D:9      | Reached skill level 13 in Axes
 14280 | D:9      | Noticed a manticore
 14280 | D:9      | Noticed a brown ugly thing
 14280 | D:9      | Noticed a two-headed ogre
 14280 | D:9      | Noticed a deep elf pyromancer
 14287 | D:9      | Killed a brown ugly thing
 14292 | D:9      | Killed a two-headed ogre
 14296 | D:9      | Killed a deep elf pyromancer
 14297 | D:9      | Reached XP level 11. HP: 97/97 MP: 11/11
 14298 | D:9      | Killed a manticore
 14299 | D:9      | Reached skill level 14 in Axes
 14305 | D:9      | Noticed a centaur warrior
 14306 | D:9      | Noticed a brown ugly thing
 14306 | D:9      | Noticed a centaur warrior
 14306 | D:9      | Noticed a deep elf pyromancer
 14333 | D:9      | Noticed a two-headed ogre
 14832 | D:9      | Killed a centaur warrior
 14833 | D:9      | Reached skill level 10 in Fighting
 14833 | D:9      | Noticed a white ugly thing
 14850 | D:9      | Killed a brown ugly thing
 14850 | D:9      | Noticed a five-headed hydra
 14851 | D:9      | Noticed a cyclops
 14856 | D:9      | Killed a purple ugly thing
 14867 | D:9      | Killed a 12-headed hydra
 14868 | D:9      | Reached skill level 15 in Axes
 14868 | D:9      | Killed a two-headed ogre
 14871 | D:9      | Slain by a cyclops

Illustrated notes

Levels and vault maps discovered:
D:1:      evilmike_arrival_fibonacci_small, layout_basic, minmay_lizard_pond
D:2:      layout_loops_cross, hellmonk_ecumenical_altar_lost_god
D:3:      layout_rooms, serial_shops, nicolae_square_shop,
          gammafunk_ghost_mausoleum, uniq_grinder, uniq_crazy_yiuf_cottage
D:4:      layout_cave_pods
D:5:      layout_loops_cross, minmay_temple_entry_overgrown,
          cheibrodos_gnoll_hut
D:6:      layout_cave_pools, minmay_misc_feat_room, minmay_quadrilaterals
D:7:      nicolae_cairo_tiling_large, layout_layer_cave
D:8:      layout_gridville, hangedman_decor_lopped, uniq_psyche
D:9:      minmay_the_grid_square_5x5_4x4
          [minmay_the_grid_square_5x5_eight_small,
          minmay_the_grid_square_5x5_intrusive_squares,
          minmay_the_grid_square_5x5_three_walls, minmay_the_grid_square_5x5_n,
          minmay_the_grid_square_5x5_shrine2,
          minmay_the_grid_square_5x5_prize_gold,
          minmay_the_grid_square_5x5_prize_junk,
          minmay_the_grid_square_5x5_hourglass, minmay_the_grid_square_5x5_v,
          minmay_the_grid_square_5x5_prize_deathbox,
          minmay_the_grid_square_5x5_prize_rear_guard,
          minmay_the_grid_square_5x5_eight, minmay_the_grid_square_5x5_fat_x,
          minmay_the_grid_square_5x5_one_wall, minmay_the_grid_square_5x5_inset,
          minmay_the_grid_square_5x5_checkered_statues], layout_cave_pools,
          ashenzari_altar_1

Skill      XL: |  1  2  3  4  5  6  7  8  9 10 11 |
---------------+----------------------------------+-----
Fighting       | 4 5 7 8 9 10 | 10.5
Dodging        | 2 3 4 5 6 7 |  7.0
Axes           | 5 6 7 8 10 12 13 15 | 15.3
Armour         | 3 4 5 7 8 9 |  9.2

Action                   |  1- 3 |  4- 6 |  7- 9 | 10-12 || total
-------------------------+-------+-------+-------+-------++-------
Melee: Hand axe          |   135 |    48 |       |       ||   183
       Punch             |     2 |     1 |     3 |       ||     6
       War axe           |       |    13 |   311 |    99 ||   423
       Battleaxe         |       |       |       |    48 ||    48
Throw: Stone             |     4 |       |       |     1 ||     5
Invok: Berserk           |     1 |     3 |     5 |     3 ||    12
  Use: Scroll            |     2 |     4 |     8 |     7 ||    21
       Potion            |       |       |     3 |     2 ||     5
 Stab: Sleeping          |       |       |     1 |       ||     1
Armor: Animal skin       |    34 |    11 |    30 |       ||    75
       Chain mail        |       |       |    49 |       ||    49
       Acid dragon scale |       |       |   105 |    95 ||   200
Dodge: Dodged            |   103 |    46 |   184 |   100 ||   433

Table legend: (Time is in decaauts)
 A = Elapsed time spent in this place.
 B = Non-inter-level travel time spent in this place.
 C = Inter-level travel time spent in this place.
 D = Time resting spent in this place.
 E = Time spent auto-exploring this place.
 F = Levels seen in this place.
 G = Mean time per level.
                   A        B        C        D        E       F      G
               +--------+--------+--------+--------+--------+-----+--------+
         Total |  14955 |  14332 |    623 |   7010 |   5777 |   9 | 1661.7 |
       Dungeon |  14955 |  14332 |    623 |   7010 |   5777 |   9 | 1661.7 |
               +--------+--------+--------+--------+--------+-----+--------+

Top non-repeatable levels by time:
     D:1: 2645 daAuts
     D:8: 2241 daAuts
     D:7: 1982 daAuts
     D:5: 1742 daAuts
     D:3: 1513 daAuts
     D:6: 1322 daAuts
     D:4: 1236 daAuts
     D:9: 1221 daAuts
     D:2: 1050 daAuts
